[Event "ESP-chT 2nd Division 2019"]
[Site "Linares"]
[Date "2019.08.20"]
[Round "3.36"]
[White "Aloma Vidal, Robert"]
[Black "Narciso Dublan, Marc"]
[Result "0-1"]
[ECO "B13"]
[WhiteElo "2419"]
[BlackElo "2483"]
[Annotator "ChessBase"]
[PlyCount "122"]
[EventDate "2019.08.19"]
[EventType "team-tourn"]
[EventCountry "ESP"]
[SourceTitle "playchess.com"]
[Source "ChessBase"]
[SourceQuality "1"]
[TimeControl "5400+30"]

1. e4 c6 2. d4 d5 3. exd5 cxd5 4. Bd3 Nc6 5. c3 Qc7 6. Ne2 e6 7. Bf4 Bd6 8. Bxd6 Qxd6 9. O-O Nge7 10. Nd2 Bd7 11. f4 f6 12. a4 O-O 13. Qb1 g6 14. Nf3 Nf5 15. b4 Rac8 16. Rf2 Qe7 17. Qb3 Kh8 18. Re1 Rc7 19. Ng3 Qd6 20. Nf1 Rfc8 21. g4 Ng7 22. Re3 Ne7 23. Bb1 Qa6 24. Bc2 Rf8 25. Ng3 Rcc8 26. Ne1 Qc4 27. Qa3 Qc7 28. Qc1 Rf7 29. Qd2 Rcf8 30. Ng2 Nc8 31. f5 exf5 32. gxf5 g5 33. Bb3 Nb6 34. h4 Bxa4 35. Bxa4 Nxa4 36. Ne2 Nb6 37. Rg3 Re8 38. Rh3 Nc4 39. Qc1 g4 40. Rd3 Nd6 41. Ng3 Ne4 42. Nxe4 dxe4 43. Re3 Qd7 44. Qf1 Rfe7 45. Rf4 h5 46. Qf2 Qc6 47. Qa2 Qc8 48. Qd5 Rd7 49. Qb5 Rc7 50. Rfxe4 Rxe4 51. Rxe4 Qxf5 52. Qxf5 Nxf5 53. Rf4 Ng3 54. Rxf6 Rxc3 55. Nf4 Rf3 56. Rf8+ Kh7 57. Kg2 Ne2 58. Ne6 Nxd4 59. Ng5+ Kg7 60. Rd8 Rd3 61. Ne6+ Nxe6 0-1

[Event "ESP-chT 2nd Division 2019"]
[Site "Linares"]
[Date "2019.08.20"]
[Round "3.37"]
[White "Bayo Milagro, Alvaro"]
[Black "Gomez Anadon, Daniel"]
[Result "1/2-1/2"]
[ECO "D30"]
[WhiteElo "2284"]
[BlackElo "2274"]
[Annotator "NA"]
[PlyCount "104"]
[EventDate "2019.08.19"]
[EventType "team-tourn"]
[EventCountry "ESP"]
[SourceTitle "playchess.com"]
[Source "ChessBase"]
[SourceQuality "1"]
[TimeControl "5400+30"]

1. d4 d5 2. c4 e6 3. Nf3 Nf6 4. e3 c6 5. Nbd2 Nbd7 6. b3 Bd6 7. Bb2 Qe7 8. Ne5 Ne4 9. a3 Nxd2 10. Qxd2 f6 11. Nxd7 Bxd7 12. Be2 O-O 13. O-O f5 14. c5 Bc7 15. f4 Rf6 16. b4 Rh6 17. g3 g5 18. a4 Kh8 19. Rf2 Rg8 20. Rg2 Be8 21. Bc3 Bh5 22. Rb1 Bxe2 23. Qxe2 Rhg6 24. Qf3 Qg7 25. b5 gxf4 26. exf4 Bd8 27. bxc6 bxc6 28. Kf2 Bf6 29. Ke3 Qh6 30. Kd3 Qh3 31. Be1 h5 32. Re2 Re8 33. a5 Rg7 34. a6 Qg4 35. Qe3 Kg8 36. Reb2 e5 37. Rb8 e4+ 38. Kd2 Rge7 39. Bf2 Kf7 40. Rxe8 Kxe8 41. Rb8+ Kf7 42. Rc8 Qh3 43. Rxc6 Qf1 44. Rd6 Qb5 45. Qc3 Re6 46. Ke1 Rxd6 47. cxd6 Bd8 48. Qe3 Ba5+ 49. Kd1 Qb1+ 50. Ke2 Qb5+ 51. Kd1 Qb1+ 52. Ke2 Qb5+ 1/2-1/2

[Event "ESP-chT 2nd Division 2019"]
[Site "Linares"]
[Date "2019.08.20"]
[Round "3.38"]
[White "Gonzalez Maza, Rafael"]
[Black "Lizuain Toni, Javier"]
[Result "0-1"]
[ECO "A80"]
[WhiteElo "2173"]
[BlackElo "1884"]
[Annotator "NA"]
[PlyCount "76"]
[EventDate "2019.08.19"]
[EventType "team-tourn"]
[EventCountry "ESP"]
[SourceTitle "playchess.com"]
[Source "ChessBase"]
[SourceQuality "1"]
[TimeControl "5400+30"]

1. d4 f5 2. Nf3 Nf6 3. e3 d6 4. b3 g6 5. Bb2 Bg7 6. Nbd2 e6 7. Bd3 O-O 8. e4 fxe4 9. Nxe4 Nxe4 10. Bxe4 Nd7 11. c4 Nf6 12. Bc2 Bd7 13. O-O Nh5 14. Ne1 Bc6 15. f3 Qh4 16. Qd2 Rf7 17. Rd1 Raf8 18. Qf2 Qe7 19. Bc1 Nf4 20. Be3 Qg5 21. Qd2 Qh5 22. b4 e5 23. d5 Bd7 24. Be4 g5 25. Kh1 Bh6 26. g4 Qh3 27. Rg1 Bg7 28. Nd3 Nxd3 29. Rg3 Nf2+ 30. Qxf2 Qh6 31. Qd2 Bf6 32. h4 Rg7 33. Kg2 Bd8 34. Rh1 Rf4 35. hxg5 Qxg5 36. Bxf4 exf4 37. Rgh3 Bxg4 38. fxg4 f3+ 0-1

[Event "ESP-chT 2nd Division 2019"]
[Site "Linares"]
[Date "2019.08.20"]
[Round "3.39"]
[White "Roldan Marques, Marta"]
[Black "Garcia Paolicchi, Raul"]
[Result "0-1"]
[ECO "B23"]
[WhiteElo "1886"]
[BlackElo "2140"]
[Annotator "NA"]
[PlyCount "122"]
[EventDate "2019.08.19"]
[EventType "team-tourn"]
[EventCountry "ESP"]
[SourceTitle "playchess.com"]
[Source "ChessBase"]
[SourceQuality "1"]
[TimeControl "5400+30"]

1. e4 c5 2. Nc3 e6 3. g3 d5 4. exd5 exd5 5. Bg2 Nf6 6. d3 d4 7. Ne4 Be7 8. Ne2 Nd5 9. Nf4 Nxf4 10. Bxf4 O-O 11. O-O Bf5 12. h4 Qd7 13. Re1 Nc6 14. Qe2 Rfe8 15. Qf1 Nb4 16. Re2 Bg4 17. f3 Be6 18. a3 Nd5 19. Bd2 h6 20. Rae1 Bf8 21. Kh2 f5 22. Nf2 f4 23. gxf4 Bd6 24. Ne4 Bxf4+ 25. Bxf4 Nxf4 26. Rd2 Qc7 27. Kh1 Rad8 28. Qf2 b6 29. Qg3 Qf7 30. Rg1 Rf8 31. Rf2 Rd5 32. Bf1 Kh7 33. Qh2 Kg8 34. Qg3 Nh5 35. Qg6 Qxg6 36. Rxg6 Nf4 37. Rg3 Rh5 38. Rh2 Kh7 39. Nf2 Rf7 40. Kg1 Ng6 41. Be2 Bd5 42. Ne4 Rxh4 43. Rxh4 Nxh4 44. Rh3 g5 45. Kh2 Kg6 46. Kg1 Nf5 47. f4 Nh4 48. fxg5 hxg5 49. Ng3 Bf3 50. Rh2 Re7 51. Rf2 Bxe2 52. Nxe2 Re3 53. Kf1 Nf5 54. Kg2 g4 55. Nf4+ Kg5 56. Nd5 Rg3+ 57. Kh1 Ne3 58. Nf6 Rf3 59. Ne4+ Kf4 60. Re2 g3 61. Nd2 Rf2 0-1

[Event "ESP-chT 2nd Division 2019"]
[Site "Linares"]
[Date "2019.08.21"]
[Round "4.2"]
[White "Gavarrete, Nahun"]
[Black "Del Rio De Angelis, Salvador G."]
[Result "0-1"]
[ECO "B41"]
[WhiteElo "2349"]
[BlackElo "2472"]
[Annotator "ChessBase"]
[PlyCount "44"]
[EventDate "2019.08.19"]
[EventType "team-tourn"]
[EventCountry "ESP"]
[SourceTitle "playchess.com"]
[Source "ChessBase"]
[SourceQuality "1"]
[TimeControl "5400+30"]

1. e4 c5 2. Nf3 e6 3. d4 cxd4 4. Nxd4 a6 5. c4 Nf6 6. Nc3 Bb4 7. Qf3 Qc7 8. a3 Be7 9. Be2 d6 10. O-O Nbd7 11. Qg3 Ne5 12. f4 Nxc4 13. Bxc4 Qxc4 14. Be3 O-O 15. Rac1 Bd8 16. b3 Qc7 17. e5 dxe5 18. Nd5 Qa5 19. Nxf6+ Bxf6 20. b4 exf4 21. Rxf4 Qd8 22. Rcf1 Be5 0-1

[Event "ESP-chT 2nd Division 2019"]
[Site "Linares"]
[Date "2019.08.21"]
[Round "4.3"]
[White "Iruzubieta Villaluenga, Jesus M"]
[Black "Nieves Cabanes, Jose Manuel"]
[Result "1/2-1/2"]
[ECO "C16"]
[WhiteElo "2438"]
[BlackElo "2311"]
[Annotator "NA"]
[PlyCount "140"]
[EventDate "2019.08.19"]
[EventType "team-tourn"]
[EventCountry "ESP"]
[SourceTitle "playchess.com"]
[Source "ChessBase"]
[SourceQuality "1"]
[TimeControl "5400+30"]

1. e4 e6 2. d4 d5 3. Nc3 Bb4 4. e5 Qd7 5. a3 Bxc3+ 6. bxc3 b6 7. Qg4 f5 8. Qg3 Nc6 9. Nh3 Bb7 10. Nf4 O-O-O 11. h4 Qf7 12. h5 Nh6 13. Rh3 Na5 14. Qh4 Rdg8 15. Rg3 Qd7 16. a4 Nc4 17. Bxc4 dxc4 18. a5 b5 19. a6 Be4 20. Ba3 Nf7 21. Ke2 g5 22. hxg6 hxg6 23. Qf6 g5 24. Ng6 Rxg6 25. Qxg6 g4 26. Rxg4 Bxc2 27. Rg3 Bd3+ 28. Kd2 f4 29. Rxd3 cxd3 30. Qe4 c6 31. Qxf4 Rh5 32. g4 Rh3 33. g5 Nd8 34. Bd6 Qh7 35. Rg1 Rh4 36. Qg3 Qh5 37. Qxd3 Rf4 38. Qg3 Rf3 39. Qg2 Qf7 40. Ke2 Rxc3 41. Qe4 Qh5+ 42. Kd2 Qh3 43. Rg3 Rxg3 44. fxg3 Qh2+ 45. Kd1 Qg1+ 46. Ke2 Qxg3 47. g6 Qh2+ 48. Kd1 Qg1+ 49. Kd2 Qf2+ 50. Kc3 Qg1 51. Kb2 Qf2+ 52. Kb3 Qg1 53. Bb4 Qd1+ 54. Kb2 Qg1 55. Ba5 Qf2+ 56. Kb3 Qf1 57. Qc2 Qa1 58. Bc3 Qg1 59. Ka3 c5 60. Qe4 b4+ 61. Kb3 bxc3 62. Qa8+ Kd7 63. Qxa7+ Ke8 64. Qxc5 Qxg6 65. a7 Qb1+ 66. Kxc3 Qb7 67. Kd2 Nc6 68. d5 Qb2+ 69. Kd1 Qa1+ 70. Kd2 Qb2+ 1/2-1/2

[Event "ESP-chT 2nd Division 2019"]
[Site "Linares"]
[Date "2019.08.21"]
[Round "4.4"]
[White "Silva Rodriguez, Fernando"]
[Black "Trigo Urquijo, Sergio"]
[Result "1-0"]
[ECO "C03"]
[WhiteElo "2253"]
[BlackElo "2385"]
[Annotator "NA"]
[PlyCount "83"]
[EventDate "2019.08.19"]
[EventType "team-tourn"]
[EventCountry "ESP"]
[SourceTitle "playchess.com"]
[Source "ChessBase"]
[SourceQuality "1"]
[TimeControl "5400+30"]

1. e4 e6 2. d4 d5 3. Nd2 Be7 4. c3 c5 5. dxc5 Nf6 6. exd5 Qxd5 7. b4 a5 8. Ngf3 axb4 9. cxb4 O-O 10. Bc4 Qh5 11. O-O Nd5 12. Qb3 Nc6 13. Bxd5 Qxd5 14. a3 Qxb3 15. Nxb3 Bf6 16. Rb1 e5 17. Bb2 Bf5 18. Ra1 Rfd8 19. Rfe1 Rd5 20. Nbd2 Nd4 21. Nc4 Nxf3+ 22. gxf3 Rd3 23. Bxe5 Rxf3 24. Bxf6 gxf6 25. Re7 Be6 26. Ne3 Bh3 27. Rxb7 Kh8 28. Re7 Rg8+ 29. Kh1 Rxf2 30. Rg1 Be6 31. Rxg8+ Kxg8 32. c6 Rb2 33. Re8+ Kg7 34. Kg1 f5 35. Ng2 Rc2 36. b5 Rc1+ 37. Kf2 Rc2+ 38. Ke3 Rxg2 39. b6 f4+ 40. Kxf4 Rg4+ 41. Kf3 Ra4 42. Rxe6 1-0

[Event "ESP-chT 2nd Division 2019"]
[Site "Linares"]
[Date "2019.08.21"]
[Round "4.5"]
[White "Sosa Suarez, Carla Cristina"]
[Black "Ortega Sanchis, Angela"]
[Result "1-0"]
[ECO "C10"]
[WhiteElo "2135"]
[BlackElo "1675"]
[Annotator "NA"]
[PlyCount "123"]
[EventDate "2019.08.19"]
[EventType "team-tourn"]
[EventCountry "ESP"]
[SourceTitle "playchess.com"]
[Source "ChessBase"]
[SourceQuality "1"]
[TimeControl "5400+30"]

1. e4 e6 2. d4 d5 3. Nd2 dxe4 4. Nxe4 Nd7 5. Nf3 Ngf6 6. Bd3 Nxe4 7. Bxe4 Nf6 8. Bg5 Be7 9. Bd3 c5 10. dxc5 Qa5+ 11. c3 Qxc5 12. Qc2 Bd7 13. Be3 Qc7 14. Bd4 Bc5 15. Be5 Bd6 16. Bxd6 Qxd6 17. O-O-O Qe7 18. Ne5 Bc6 19. Nxc6 bxc6 20. Rhg1 Nd5 21. Be4 Qc7 22. Rd4 Qxh2 23. Rgd1 O-O 24. g3 Qh6+ 25. Kb1 f5 26. Rh1 Qf6 27. Bd3 h6 28. Rc4 e5 29. g4 e4 30. Be2 Nb6 31. Rd4 Rad8 32. Rhd1 Rd5 33. R1d2 Rfd8 34. Rxd5 Rxd5 35. Qd1 f4 36. Ba6 Qg6 37. Rxd5 cxd5 38. a4 Qc6 39. Bb5 Qc5 40. Qd2 e3 41. fxe3 Qxe3 42. Qxe3 fxe3 43. Kc2 Kf7 44. b3 Ke6 45. Kd3 Ke5 46. Kxe3 Nc8 47. Bd7 Nd6 48. a5 Nb7 49. b4 Nd6 50. Bc6 Nc4+ 51. Kd3 Kd6 52. Bb7 Nb2+ 53. Kd4 Nd1 54. b5 Kc7 55. Bxd5 Nf2 56. Bf3 Nh3 57. c4 Nf4 58. c5 Ne6+ 59. Kc4 g6 60. b6+ axb6 61. cxb6+ Kb8 62. a6 1-0

[Event "ESP-chT 2nd Division 2019"]
[Site "Linares"]
[Date "2019.08.21"]
[Round "4.6"]
[White "Cruz Lledo, Pablo"]
[Black "Suarez Gomez, Julio"]
[Result "0-1"]
[ECO "D04"]
[WhiteElo "2445"]
[BlackElo "2433"]
[Annotator "ChessBase"]
[PlyCount "164"]
[EventDate "2019.08.19"]
[EventType "team-tourn"]
[EventCountry "ESP"]
[SourceTitle "playchess.com"]
[Source "ChessBase"]
[SourceQuality "1"]
[TimeControl "5400+30"]

1. d4 Nf6 2. Nf3 d5 3. e3 c5 4. c4 e6 5. cxd5 exd5 6. Bb5+ Bd7 7. Bxd7+ Nbxd7 8. dxc5 Nxc5 9. O-O Be7 10. b3 O-O 11. Bb2 Rc8 12. Nc3 Qd7 13. Ne2 Rfd8 14. Bd4 b5 15. Ng3 Nfe4 16. Ne5 Qe6 17. Nd3 Bd6 18. Nxc5 Nxc5 19. Qh5 g6 20. Qe2 a6 21. Rac1 Nd7 22. a4 Bxg3 23. hxg3 bxa4 24. bxa4 Rc4 25. Rxc4 dxc4 26. Rc1 Rc8 27. g4 Qd5 28. Qb2 Nf8 29. Qb6 Qe6 30. Qa5 Nd7 31. g5 Qd6 32. Ba1 f6 33. Qc3 Kf7 34. gxf6 Rc5 35. Qb4 a5 36. Qb7 Qd2 37. Bb2 Rf5 38. Rf1 Qd6 39. e4 Rc5 40. e5 Qc6 41. e6+ Kxe6 42. Re1+ Kf5 43. Qa7 c3 44. f7 Qc7 45. Qa6 cxb2 46. Qe6+ Kg5 47. Qe7+ Kh5 48. g3 Rg5 49. f8=Q Rxg3+ 50. fxg3 Qxg3+ 51. Kf1 Qh3+ 52. Kf2 Qh2+ 53. Kf3 Qh3+ 54. Kf4 Qh2+ 55. Ke4 Nxf8 56. Qe5+ Qxe5+ 57. Kxe5 Nd7+ 58. Kf4 Kh6 59. Ke3 Nc5 60. Kd2 Nxa4 61. Kc2 g5 62. Rh1+ Kg6 63. Kb3 Nc5+ 64. Kxb2 h5 65. Kc3 g4 66. Kc4 Nd7 67. Ra1 g3 68. Kd4 Kf5 69. Ke3 Kg4 70. Ra4+ Kh3 71. Rxa5 Nf6 72. Kf3 h4 73. Ra4 Nd7 74. Re4 Nc5 75. Re1 g2 76. Rg1 Nd3 77. Rd1 Kh2 78. Rd2 h3 79. Kg4 Ne5+ 80. Kf4 Kh1 81. Kg3 g1=Q+ 82. Kxh3 Qg4# 0-1

[Event "ESP-chT 2nd Division 2019"]
[Site "Linares"]
[Date "2019.08.21"]
[Round "4.7"]
[White "Reinaldo Castineira, Roi"]
[Black "Garcia Molla, Victor"]
[Result "1-0"]
[ECO "C00"]
[WhiteElo "2467"]
[BlackElo "2408"]
[Annotator "ChessBase"]
[PlyCount "81"]
[EventDate "2019.08.19"]
[EventType "team-tourn"]
[EventCountry "ESP"]
[SourceTitle "playchess.com"]
[Source "ChessBase"]
[SourceQuality "1"]
[TimeControl "5400+30"]

1. e4 e6 2. d3 d5 3. Qe2 Nf6 4. Nf3 Be7 5. g3 b5 6. e5 Nfd7 7. Bg2 c5 8. O-O Nc6 9. c4 bxc4 10. dxc4 Ba6 11. Na3 O-O 12. Rd1 Qc7 13. Bf4 dxc4 14. b3 Nb6 15. bxc4 Rad8 16. Nb5 Qb8 17. Nd6 Na5 18. Bg5 Qc7 19. Bxe7 Qxe7 20. Nd2 Qc7 21. Qg4 Kh8 22. Qh4 f6 23. N2e4 Naxc4 24. Nxc4 Bxc4 25. exf6 gxf6 26. Nxf6 Bd5 27. g4 Qe7 28. g5 Bxg2 29. Kxg2 Nd5 30. Nxd5 Rxd5 31. Rxd5 exd5 32. Qg3 Qe4+ 33. Kg1 d4 34. Rc1 Qd5 35. Re1 c4 36. g6 Rg8 37. Re5 Qd7 38. Rh5 Qe7 39. Qe5+ Rg7 40. Rxh7+ Kg8 41. Qb8+ 1-0

[Event "ESP-chT 2nd Division 2019"]
[Site "Linares"]
[Date "2019.08.21"]
[Round "4.8"]
[White "Barbera Estelles, Rosendo"]
[Black "Laiz Ibanez, Hector"]
[Result "0-1"]
[ECO "B20"]
[WhiteElo "2176"]
[BlackElo "2274"]
[Annotator "NA"]
[PlyCount "76"]
[EventDate "2019.08.19"]
[EventType "team-tourn"]
[EventCountry "ESP"]
[SourceTitle "playchess.com"]
[Source "ChessBase"]
[SourceQuality "1"]
[TimeControl "5400+30"]

1. e4 c5 2. Be2 Nc6 3. f4 d5 4. d3 e6 5. Nf3 Bd6 6. O-O Nge7 7. c3 f6 8. Be3 Qc7 9. g3 O-O 10. Na3 a6 11. Nc2 b5 12. Qe1 Bb7 13. Qf2 e5 14. f5 Nd8 15. exd5 Nxf5 16. Nd2 Nxe3 17. Nxe3 g6 18. c4 f5 19. g4 f4 20. Ng2 e4 21. Nxe4 Be5 22. Qh4 Bxb2 23. Rae1 bxc4 24. dxc4 Ne6 25. g5 Kh8 26. Nf6 Nxg5 27. Qxg5 Bxf6 28. Qg4 Bc8 29. Qf3 Bd4+ 30. Kh1 g5 31. d6 Qa7 32. Bd3 Bb7 33. Qh5 Rf7 34. Be4 Bxe4 35. Rxe4 Qd7 36. Ne1 Qb7 37. Nf3 Qxe4 38. Qxf7 Qe2 0-1

[Event "ESP-chT 2nd Division 2019"]
[Site "Linares"]
[Date "2019.08.21"]
[Round "4.9"]
[White "Abal Cores, Lucas"]
[Black "Garcia Amoros, Pablo"]
[Result "1-0"]
[ECO "B22"]
[WhiteElo "2290"]
[BlackElo "2101"]
[Annotator "NA"]
[PlyCount "63"]
[EventDate "2019.08.19"]
[EventType "team-tourn"]
[EventCountry "ESP"]
[SourceTitle "playchess.com"]
[Source "ChessBase"]
[SourceQuality "1"]
[TimeControl "5400+30"]

1. e4 c5 2. c3 d5 3. exd5 Qxd5 4. d4 g6 5. Nf3 Bg7 6. Be3 cxd4 7. cxd4 Nf6 8. Nc3 Qa5 9. Be2 Ne4 10. O-O Nd6 11. Rc1 Nc6 12. d5 Ne5 13. Bf4 Nxf3+ 14. Bxf3 O-O 15. Re1 Qb4 16. Bxd6 exd6 17. Qd2 Bf5 18. a3 Qb6 19. g4 Bd7 20. Re4 Rfe8 21. Rb4 Qa6 22. Ne4 Rac8 23. Rd1 b5 24. g5 f5 25. gxf6 Bf8 26. Ng5 Re5 27. Rh4 h5 28. Ne6 Kh7 29. Qd3 Kh6 30. Be4 g5 31. Rxh5+ Kxh5 32. Qh3# 1-0

[Event "ESP-chT 2nd Division 2019"]
[Site "Linares"]
[Date "2019.08.21"]
[Round "4.10"]
[White "Castellet Menchon, Cora"]
[Black "Dorado Meijide, Andrea"]
[Result "1/2-1/2"]
[ECO "A52"]
[WhiteElo "1866"]
[BlackElo "1762"]
[Annotator "NA"]
[PlyCount "80"]
[EventDate "2019.08.19"]
[EventType "team-tourn"]
[EventCountry "ESP"]
[SourceTitle "playchess.com"]
[Source "ChessBase"]
[SourceQuality "1"]
[TimeControl "5400+30"]

1. d4 Nf6 2. c4 e5 3. dxe5 Ng4 4. Bf4 g5 5. Bg3 Nc6 6. Nf3 Bg7 7. Nc3 Ngxe5 8. e3 d6 9. Nxe5 Nxe5 10. Rc1 Be6 11. Nb5 O-O 12. Be2 f5 13. Nd4 Bd7 14. f4 Ng4 15. Bxg4 fxg4 16. O-O Qe7 17. Qd3 Rae8 18. Rce1 a6 19. b4 c5 20. Nc2 Bf5 21. Qd5+ Kh8 22. Rf2 Bc3 23. Rd1 Bxc2 24. Rxc2 Qxe3+ 25. Bf2 Qxf4 26. bxc5 dxc5 27. Bxc5 Re5 28. Qd6 Rfe8 29. Bf2 Re1+ 30. Bxe1 Rxe1+ 31. Rxe1 Qxd6 32. Rxc3 Qd4+ 33. Rce3 Qxc4 34. Re7 Qc5+ 35. Kf1 Qf5+ 36. Kg1 Qc5+ 37. Kh1 Qb4 38. R7e4 Qd2 39. Re7 Qb4 40. R7e4 Qc5 1/2-1/2

[Event "ESP-chT 2nd Division 2019"]
[Site "Linares"]
[Date "2019.08.21"]
[Round "4.11"]
[White "Portela Peleteiro, Alberto"]
[Black "Gamundi Salamanca, Antonio"]
[Result "1/2-1/2"]
[ECO "C11"]
[WhiteElo "2375"]
[BlackElo "2444"]
[Annotator "NA"]
[PlyCount "71"]
[EventDate "2019.08.19"]
[EventType "team-tourn"]
[EventCountry "ESP"]
[SourceTitle "playchess.com"]
[Source "ChessBase"]
[SourceQuality "1"]
[TimeControl "5400+30"]

1. e4 e6 2. d4 d5 3. Nc3 Nf6 4. e5 Nfd7 5. Nf3 c5 6. dxc5 Nc6 7. Bf4 Bxc5 8. Bd3 f6 9. exf6 Qxf6 10. Bg3 O-O 11. O-O a6 12. Qe2 Nd4 13. Nxd4 Bxd4 14. Rae1 Nc5 15. Be5 Bxe5 16. Qxe5 Qxe5 17. Rxe5 Nxd3 18. cxd3 Bd7 19. Ne2 Rac8 20. Nd4 Rf4 21. Nxe6 Bxe6 22. Rxe6 Rc2 23. Rb6 Rf7 24. g3 Rd2 25. Kg2 h6 26. Kh3 Rxd3 27. f4 Rd7 28. Rf2 d4 29. Re6 Rd1 30. Ree2 Kf7 31. Kg2 d3 32. Rd2 Re1 33. Rf1 Re2+ 34. Rf2 Re1 35. Rf1 Re2+ 36. Rf2 1/2-1/2

[Event "ESP-chT 2nd Division 2019"]
[Site "Linares"]
[Date "2019.08.21"]
[Round "4.13"]
[White "Garcia Castro, Pablo"]
[Black "Gavilan Diaz, Mario"]
[Result "1/2-1/2"]
[ECO "A13"]
[WhiteElo "2327"]
[BlackElo "2318"]
[Annotator "NA"]
[PlyCount "79"]
[EventDate "2019.08.19"]
[EventType "team-tourn"]
[EventCountry "ESP"]
[SourceTitle "playchess.com"]
[Source "ChessBase"]
[SourceQuality "1"]
[TimeControl "5400+30"]

1. c4 e6 2. e3 d5 3. Nc3 Nf6 4. Nf3 dxc4 5. Bxc4 a6 6. d4 b5 7. Bd3 Bb7 8. O-O Nbd7 9. e4 b4 10. e5 bxc3 11. exf6 cxb2 12. Bxb2 gxf6 13. Re1 Nb6 14. Nh4 Rg8 15. Rc1 Be7 16. g3 Rg5 17. f4 Rd5 18. Nf3 c5 19. Be4 f5 20. Bxd5 Qxd5 21. Re3 c4 22. Ba3 Bd8 23. Bc5 Bc6 24. Qc2 Bb5 25. Bxb6 Bxb6 26. a4 Bxd4 27. Nxd4 Qxd4 28. Qf2 Kf8 29. axb5 axb5 30. Re5 Qd7 31. Rb1 Ra5 32. Re2 Kg8 33. Rd2 Qc7 34. Qd4 Ra8 35. Rxb5 c3 36. Rc2 Rd8 37. Rxc3 Qe7 38. Qe5 Rd1+ 39. Kg2 Rd8 40. Rb8 1/2-1/2

[Event "ESP-chT 2nd Division 2019"]
[Site "Linares"]
[Date "2019.08.21"]
[Round "4.14"]
[White "Perera Borrego, Maria Adela"]
[Black "Rivera, Daniel"]
[Result "1-0"]
[ECO "A48"]
[WhiteElo "2186"]
[BlackElo "2321"]
[Annotator "NA"]
[PlyCount "65"]
[EventDate "2019.08.19"]
[EventType "team-tourn"]
[EventCountry "ESP"]
[SourceTitle "playchess.com"]
[Source "ChessBase"]
[SourceQuality "1"]
[TimeControl "5400+30"]

1. d4 Nf6 2. Nf3 g6 3. c4 Bg7 4. Nc3 O-O 5. e4 d6 6. h3 c5 7. d5 e6 8. Bd3 exd5 9. exd5 Re8+ 10. Be3 Bf5 11. O-O Bxd3 12. Qxd3 Nfd7 13. Rad1 Ne5 14. Nxe5 Bxe5 15. f4 Bg7 16. Bf2 Nd7 17. Nb5 Nf6 18. Bh4 Qb6 19. f5 Nd7 20. a4 Bf8 21. Qd2 a5 22. Qf4 Ne5 23. Bf6 Re7 24. h4 Rae8 25. h5 Nd7 26. Bxe7 Rxe7 27. fxg6 Ne5 28. gxh7+ Kxh7 29. Qf5+ Kg8 30. Qg5+ Kh7 31. Rf6 Re8 32. Rdf1 Qd8 33. Nxd6 1-0

[Event "ESP-chT 2nd Division 2019"]
[Site "Linares"]
[Date "2019.08.21"]
[Round "4.15"]
[White "Lorenzo Serrano, Henar"]
[Black "Lopez Guerrero, Jose Miguel"]
[Result "0-1"]
[ECO "B23"]
[WhiteElo "1719"]
[BlackElo "2079"]
[Annotator "NA"]
[PlyCount "94"]
[EventDate "2019.08.19"]
[EventType "team-tourn"]
[EventCountry "ESP"]
[SourceTitle "playchess.com"]
[Source "ChessBase"]
[SourceQuality "1"]
[TimeControl "5400+30"]

1. e4 c5 2. Nc3 e6 3. g3 d5 4. exd5 exd5 5. d4 Nf6 6. Bg5 Be6 7. Bg2 cxd4 8. Bxf6 Qxf6 9. Nxd5 Bxd5 10. Qe2+ Be6 11. Bxb7 Nd7 12. Bxa8 Bb4+ 13. Kf1 O-O 14. Qf3 Bc4+ 15. Kg2 Qd8 16. Be4 Nf6 17. Bc6 Qb6 18. b3 Ba6 19. g4 Rc8 20. Ba8 Qd8 21. Bb7 Rc3 22. Bxa6 Rxf3 23. Nxf3 Nxg4 24. Rad1 Bc3 25. Rd3 Qf6 26. Bb7 Qg6 27. Kf1 Qb6 28. Rg1 Nf6 29. Ba8 g6 30. Rg5 Qb8 31. Bc6 Qf4 32. Rb5 Qc1+ 33. Kg2 Qxc2 34. Ne5 Ng4 35. Rf3 Nxe5 36. Rxe5 f5 37. Bd5+ Kf8 38. Bc4 Qxa2 39. Rh3 d3 40. Rc5 Bd4 41. Rc8+ Ke7 42. Rxh7+ Kf6 43. h4 Qxf2+ 44. Kh3 Ke5 45. Rg7 d2 46. Be2 Kf4 47. Rxg6 Qxe2 0-1

[Event "ESP-chT 2nd Division 2019"]
[Site "Linares"]
[Date "2019.08.21"]
[Round "4.16"]
[White "Narciso Dublan, Marc"]
[Black "Moreno Trujillo, Alejandro"]
[Result "1/2-1/2"]
[ECO "A45"]
[WhiteElo "2483"]
[BlackElo "2519"]
[Annotator "ChessBase"]
[PlyCount "163"]
[EventDate "2019.08.19"]
[EventType "team-tourn"]
[EventCountry "ESP"]
[SourceTitle "playchess.com"]
[Source "ChessBase"]
[SourceQuality "1"]
[TimeControl "5400+30"]

1. d4 Nf6 2. Bg5 e6 3. e4 h6 4. Bxf6 Qxf6 5. c3 d5 6. Bd3 Qd8 7. Nf3 Be7 8. Nbd2 Nd7 9. O-O dxe4 10. Nxe4 b6 11. Qe2 Bb7 12. Rad1 O-O 13. Bc2 Nf6 14. Ne5 Nxe4 15. Bxe4 Bxe4 16. Qxe4 Qd5 17. Qxd5 exd5 18. Rfe1 Rfe8 19. g3 Bd6 20. Ng4 h5 21. Rxe8+ Rxe8 22. Ne3 c6 23. Kf1 g6 24. Ke2 Kf8 25. Kd3 Ke7 26. a4 Kd7 27. b4 a6 28. Rc1 Bc7 29. f4 b5 30. Ra1 Kc8 31. Ng2 f6 32. axb5 axb5 33. Rf1 Kd7 34. Rf2 Bd6 35. Ra2 Bc7 36. Ra7 Kc8 37. Ra8+ Bb8 38. Ra6 Kd7 39. Ra1 Bc7 40. Ra2 Rg8 41. Rf2 Re8 42. Rf1 Ra8 43. Nh4 Rg8 44. Re1 g5 45. fxg5 fxg5 46. Nf3 Bd6 47. Ra1 h4 48. Ra7+ Ke6 49. gxh4 gxh4 50. Rh7 Rg4 51. Rh6+ Kd7 52. Rh7+ Ke6 53. Rh5 Kd7 54. Rh6 Ke7 55. Nxh4 Kd7 56. Nf3 Re4 57. Rh7+ Ke8 58. Rh6 Bf4 59. Rh8+ Kd7 60. Rh7+ Ke6 61. Ne5 Re3+ 62. Kc2 Bxe5 63. dxe5 Rxe5 64. Rh6+ Kd7 65. Kd3 Re4 66. Rh7+ Kd6 67. Rh6+ Kc7 68. h4 Rc4 69. h5 d4 70. cxd4 Rxb4 71. Rg6 Rb3+ 72. Kc2 Rh3 73. h6 Kb7 74. Kb2 Kc7 75. Kc2 b4 76. Kb2 Rh4 77. Kb3 Rxd4 78. h7 Rh4 79. Rg8 Rxh7 80. Kxb4 Rh4+ 81. Kc5 Rh5+ 82. Kc4 1/2-1/2

[Event "ESP-chT 2nd Division 2019"]
[Site "Linares"]
[Date "2019.08.21"]
[Round "4.17"]
[White "Nayhebaver, Martin"]
[Black "Bayo Milagro, Alvaro"]
[Result "1-0"]
[ECO "C78"]
[WhiteElo "2469"]
[BlackElo "2284"]
[Annotator "ChessBase"]
[PlyCount "82"]
[EventDate "2019.08.19"]
[EventType "team-tourn"]
[EventCountry "ESP"]
[SourceTitle "playchess.com"]
[Source "ChessBase"]
[SourceQuality "1"]
[TimeControl "5400+30"]

1. e4 e5 2. Nf3 Nc6 3. Bb5 a6 4. Ba4 Nf6 5. O-O Bc5 6. c3 b5 7. Bb3 d6 8. d4 Bb6 9. a4 Bg4 10. Bg5 Rb8 11. axb5 axb5 12. Bd5 Ne7 13. dxe5 Nfxd5 14. exd5 dxe5 15. Bxe7 Qxe7 16. h3 Bh5 17. Qe2 O-O 18. Qxe5 Qxe5 19. Nxe5 Rbd8 20. Nc6 Rd7 21. Na3 Kh8 22. g4 Bg6 23. Rfd1 Be4 24. Nxb5 f5 25. gxf5 g6 26. c4 Rxf5 27. Nbd4 Bxd4 28. Rxd4 Rg5+ 29. Kf1 Bg2+ 30. Ke2 Bxh3 31. Rf4 Kg7 32. b4 h5 33. b5 Rg2 34. Ra3 Bg4+ 35. Kf1 Rh2 36. Kg1 Rh3 37. Rg3 g5 38. Re4 Bf5 39. Re7+ Rxe7 40. Nxe7 Rxg3+ 41. fxg3 Be4 1-0